 Dungeon Crawl Stone Soup version 0.23-a0-370-gf497b7c (webtiles) character file.

289251 Cryolive the Earth Mage (level 20, -20/126 HPs)
             Began as a Gargoyle Earth Elementalist on Oct 24, 2018.
             Was the Champion of Vehumet.
             Demolished by Jory
             ... wielding a +1 vampiric battleaxe
              (37 damage)
             ... on level 2 of the Vaults.
             The game lasted 10:54:50 (101449 turns).

Cryolive the Earth Mage (GrEE)                    Turns: 101449, Time: 10:54:51

Health: -20/126    AC: 27    Str: 14    XL:     20   Next: 71%
Magic:  7/36       EV: 16    Int: 23    God:    Vehumet [******]
Gold:   2097       SH:  6    Dex: 10    Spells: 3/44 levels left

rFire    + + .     SeeInvis .   P - +4 scimitar (holy)
rCold    + + +     Gourm    +   Q - +1 buckler {rC+}
rNeg     + . .     Faith    .   H - +3 leather armour {MR+}
rPois    ∞         Spirit   .   K - +2 helmet
rElec    +         Reflect  .   M - scarf {rC+ rF+}
rCorr    .         Harm     .   g - +0 pair of gloves
MR       ++...                  p - +0 pair of boots
Stlth    ++........             k - amulet of the gourmand
HPRegen  0.31/turn              z - ring of protection from cold
MPRegen  0.25/turn              A - ring of protection from fire

@: about to teleport, flying
A: big wings, negative energy resistance 1, electricity resistance, unbreathing,
petrification resistance, rot immunity, AC +15
}: 2/15 runes: serpentine, barnacled
a: Stop Flying, Renounce Religion


You were on level 2 of the Vaults.
You worshipped Vehumet.
Vehumet was exalted by your worship.
You were very full.

You visited 8 branches of the dungeon, and saw 35 of its levels.
You also visited: Ice Cave.

You collected 3314 gold pieces.
You spent 1217 gold pieces at shops.

Inventory:

Hand Weapons
 l - a +4 scimitar of flaming
 q - a +4 shortbow
 P - a +4 scimitar of holy wrath (weapon)
 R - a +9 demon trident of freezing
Missiles
 b - 621 stones (quivered)
Armour
 c - +0 fire dragon scales
 g - a +0 pair of gloves (worn)
 p - a +0 pair of boots (worn)
 t - +0 ice dragon scales
 w - +0 ice dragon scales
 H - a +3 leather armour of magic resistance (worn)
 K - a +2 helmet (worn)
 M - a scarf of resistance (worn)
 O - a +0 hat
 Q - a +1 buckler of cold resistance (worn)
Magical Staves
 E - an uncursed staff of earth
 U - an uncursed staff of fire
Jewellery
 i - an uncursed ring of wizardry
 k - an amulet of the gourmand (around neck)
 z - a ring of protection from cold (left hand)
 A - a ring of protection from fire (right hand)
 B - a +4 amulet of reflection
 D - an uncursed ring of stealth
 L - an uncursed ring of magical power
Wands
 e - a wand of polymorph (24)
 u - a wand of enslavement (11)
 I - a wand of iceblast (11)
 N - a wand of paralysis (27)
 T - a wand of disintegration (29)
Scrolls
 h - 2 scrolls of fog
 m - 4 scrolls of fear
 n - 3 scrolls of identify
 s - 2 scrolls of magic mapping
 x - 2 scrolls of enchant weapon
 y - a scroll of teleportation
 F - 5 scrolls of amnesia
 G - a scroll of remove curse
Potions
 a - 3 potions of curing
 f - 7 potions of haste
 o - 6 potions of brilliance
 r - 3 potions of invisibility
 v - a potion of resistance
 C - 3 potions of cancellation
Miscellaneous
 j - a crystal ball of energy
 J - a phantom mirror
 X - a lightning rod (4/4)
Comestibles
 d - 10 rations


   Skills:
 + Level 13.9 Fighting
   Level 11.0(12.1) Maces & Flails
 * Level 8.5(10.9) Staves
 - Level 6.2 Armour
 + Level 11.2 Dodging
 - Level 2.1 Stealth
 - Level 6.3 Shields
 + Level 12.8 Spellcasting
 + Level 14.5 Conjurations
   Level 0.7 Transmutations
 * Level 10.1 Fire Magic
 + Level 15.9 Earth Magic
 + Level 11.9 Evocations


You had 3 spell levels left.
You knew the following spells:

 Your Spells              Type           Power        Failure   Level  Hunger
a - Lehudib's Crystal Sp  Conj/Erth      ######....   17%         8    #######
c - Lee's Rapid Deconstr  Erth           ######....   1%          5    ###....
d - Iskenderun's Mystic   Conj           ######..     1%          4    None
e - Iron Shot             Conj/Erth      ######....   1%          6    #####..
f - Bolt of Fire          Conj/Fire      ######....   1%          6    #####..
g - Orb of Destruction    Conj           ######....   3%          7    ######.
h - Bolt of Magma         Conj/Fire/Erth ######....   1%          5    ###....

Your spell library contained the following spells:

 Spells                   Type           Power        Failure   Level  Hunger
 Ignition                 Fire           ######....   75%         8    #######
 Chain Lightning          Conj/Air       #####.....   98%         8    #######
 Magic Dart               Conj           ####         0%          1    None
 Sandblast                Erth           ######       0%          1    None
 Searing Ray              Conj           ######       0%          2    None
 Flame Tongue             Conj/Fire      #####        1%          1    None
 Passwall                 Tmut/Erth      ######..     1%          2    None
 Dazzling Spray           Conj/Hex       #####.       1%          3    None
 Stone Arrow              Conj/Erth      ######       1%          3    None
 Corpse Rot               Necr           N/A          8%          2    None
 Force Lance              Conj/Tloc      #####...     1%          4    None
 Fulminant Prism          Conj/Hex       #####.....   1%          4    None
 Leda's Liquefaction      Hex/Erth       ######....   1%          4    None
 Petrify                  Tmut/Erth      ######..     1%          4    None
 Irradiate                Conj/Tmut      #####.....   1%          5    ###....
 Cause Fear               Hex            ##........   45%         4    None
 Summon Forest            Summ/Tloc      ##........   82%         5    ###....
 Shatter                  Erth           ######....   85%         9    #######
 Hydra Form               Tmut           ###.......   99%         6    #####..
 Dragon Form              Tmut           ###.......   100%        7    ######.
 Summon Hydra             Summ           ##........   100%        7    ######.
 Dragon's Call            Summ           ##........   100%        9    #######
 Statue Form              Tmut/Erth      Unusable     N/A         6    N/A

Dungeon Overview and Level Annotations

Branches:
Dungeon (15/15)            Temple (1/1) D:5            Lair (6/6) D:9
 Shoals (4/4) Lair:2        Snake (4/4) Lair:3        Slime (0/5) Lair:6
    Orc (2/2) D:9             Elf (1/3) Orc:2        Vaults (2/5) D:13
  Crypt (0/3) Vaults:2     Depths (0/5) D:15

Altars:
Ashenzari
Cheibriados
Dithmenos
Elyvilon
Fedhas
Gozag
Hepliaklqana
Kikubaaqudgha
Makhleb
Nemelex Xobeh
Okawaru
Qazlal
Ru
Sif Muna
Trog
Uskayaw
Vehumet
Wu Jian
Xom
Yredelemnul
Zin
The Shining One
Jiyva

Shops:
D:7 ((   Orc:1 *   Orc:2 *[?(?   Snake:1 *   Snake:4 (

Annotations:
D:13 1 runed door
Orc:2 2 runed doors, exclusion: orange crystal statue
Vaults:2 Jory


Innate Abilities, Weirdness & Mutations

You are resistant to torment.
Your stone body is resilient. (AC +15)
You are immune to poison.
Your large and strong wings let you fly indefinitely.
You resist negative energy. (rN+)
You are resistant to electric shocks. (rElec)
You can survive without breathing.
You are immune to petrification.
You are immune to rotting.


Message History

Tha necromancer casts a spell.
Tha necromancer binds tha souls o' nearby monsters.
Yer magical contamination has completely faded away.
Jory blinks!
Jory hits ye wit' a +1 vampiric battleaxe!!
Jory bites ye but does nay damage.
Jory hits ye but does nay damage.
Ye block Jory's attack.
Jory be infused wit' unholy energy.
* * * LOW HITPOINT WARNIN'
* * * Jory draws life force from ye an' be healed!
Tha necromancer points at ye an' mumbles some strange words.
Tha bolt o' fire hits ye!
Ye resist.
* * * LOW HITPOINT WARNIN'
* * * Ye see 'ere a bolt.
As ye read tha scroll o' teleportation, it crumbles ta dust.
Ye feel strangely unst'ble.
Tha necromancer casts a spell.
Tha necromancer binds tha souls o' nearby monsters.
Jory hits ye wit' a +1 vampiric battleaxe!!!
Ye die...

#...###.......###...
#..Z# ##.....## #...
#..p# ##...## #...
#...# ##### #.#.
#...# #...
#.).################
#...................
#..V.(..............
#..@################
#...# ####...# #...#
#......# #...#
#......# #...#
#######...# #...#
#.....#...#
#.([###.....+...#
#...##...####..##
#...##...'(....#


You could see Jory, a necromancer and a yaktaur captain skeleton.

Vanquished Creatures
  A titan (Shoals:2)
  Frances (Snake:1)
  Agnes (D:14)
  9 nagarajas
  Ilsuiw (Shoals:3)
  2 frost giants
  5 vault wardens
  2 ironheart preservers
  The ghost of tuf08440 the Warrior, a journeyman MfGl of Okawaru (Lair:4)
  3 stone giants
  A deep elf annihilator (Vaults:1)
  Azrael (D:15)
  A dire elephant (Lair:6)
  6 merfolk javelineers
  9 merfolk impalers
  2 fire dragons
  2 yaktaur captains (Vaults:2)
  2 deep elf death magi (Vaults:1)
  The ghost of Zoch the Covert, a journeyman OpAs of Dithmenos (Lair:3)
  3 ice dragons
  7 vault guards
  18 naga warriors
  6 hydras
  3 anacondas
  8 ogre magi
  8 centaur warriors
  4 catoblepae
  A satyr (Shoals:3)
  A death knight (D:12)
  35 two-headed ogres
  Erica (D:8)
  5 merfolk aquamancers
  8 dancing weapons (Elf:1)
  A merfolk avatar (Shoals:4)
  8 death yaks
  7 shock serpents
  Urug (Lair:5)
  16 naga sharpshooters
  A soul eater (Vaults:2)
  4 orc high priests (Orc:2)
  Sonja (Lair:6)
  8 deep elf knights
  2 salamander mystics (Snake:3)
  A shadow wraith (Vaults:2)
  6 sea snakes
  3 unseen horrors
  2 skeletal warriors
  3 glowing orange brains
  11 naga ritualists
  Pikel (D:8)
  4 wizards (Vaults:1)
  A swamp dragon (shapeshifter) (D:15)
  4 deep elf archers
  A kraken simulacrum (Shoals:4)
  A necromancer (Vaults:2)
  A swamp dragon (Lair:6)
  10 orc knights
  A lindwurm (Lair:6)
  15 harpies
  3 ironbrand convokers (Vaults:1)
  12 fauns
  3 wolf spiders
  18 ugly things
  15 manticores
  12 mana vipers
  19 deep elf magi
  3 orc sorcerers
  16 salamanders
  11 cyclopes
  4 guardian serpents (Snake:3)
  2 ice statues (IceCv)
  A black mamba (shapeshifter) (D:15)
  A centaur zombie (D:14)
  8 elephants
  28 black mambas
  4 vault sentinels
  8 merfolk sirens
  19 naga magi
  4 water nymphs
  9 spiny frogs
  2 gargoyles
  A kobold demonologist (D:13)
  5 rime drakes (Lair:6)
  2 komodo dragons
  An efreet (D:11)
  A freezing wraith (D:13)
  12 ice devils (IceCv)
  13 yaktaurs
  A yaktaur skeleton (Vaults:2)
  A queen bee (D:10)
  2 hornets
  12 trolls
  22 merfolk
  A polar bear (Lair:6)
  10 wind drakes
  14 hippogriffs
  2 dream sheep
  18 slime creatures
  9 blink frogs
  A hippogriff (shapeshifter) (Vaults:2)
  9 snapping turtles
  Sigmund (D:3)
  2 air elementals (Elf:1)
  A centaur simulacrum (D:13)
  A vampire (D:12)
  7 water elementals
  3 shadows
  A wraith (D:15)
  An ettin skeleton (Vaults:2)
  A spriggan (shapeshifter) (D:15)
  45 yaks
  A yak (shapeshifter) (D:15)
  4 wyverns
  3 fire elementals
  A human simulacrum (Vaults:2)
  5 hungry ghosts
  A steam dragon (Lair:6)
  Grum (D:8)
  5 basilisks
  3 vampire mosquitoes (D:12)
  A warg (Vaults:2)
  54 nagas
  4 hell hounds (D:15)
  A soldier ant (D:13)
  5 acid dragons
  16 water moccasins
  2 porcupines
  Duvessa (D:5)
  A deep troll skeleton (Vaults:2)
  50 orc warriors
  6 ice beasts
  5 sky beasts
  A meliai simulacrum (D:14)
  3 black bears
  24 ogres
  A necrophage (D:13)
  3 phantoms
  23 wolves
  21 centaurs
  8 crocodiles
  4 big kobolds
  24 bullfrogs
  A wyvern zombie (D:13)
  3 earth elementals (Elf:1)
  5 scorpions
  A wyvern skeleton (D:9)
  3 troll zombies (D:9)
  Dowan (D:6)
  26 killer bees
  10 wights
  3 electric eels (D:9)
  A howler monkey (D:13)
  5 centaur skeletons
  A quasit (D:6)
  4 crimson imps
  35 orc priests
  5 jellies
  A bullfrog skeleton (D:11)
  3 hounds
  37 orc wizards
  7 iguanas
  7 hell rats
  6 worker ants
  3 ogre zombies (D:9)
  A worker ant zombie (D:7)
  11 gnolls
  13 adders
  6 river rats (D:5)
  7 shadow imps
  4 white imps (IceCv)
  3 ufetubi (IceCv)
  2 oozes
  2 adder zombies
  2 adder skeletons
  5 worms
  A dart slug (D:3)
  7 leopard geckos
  111 orcs
  2 ball pythons
  5 giant cockroaches
  18 hobgoblins
  7 jackals
  5 quokkas
  10 bats
  3 frilled lizards (D:1)
  8 goblins
  2 goblin skeletons (D:9)
  2 goblin zombies (D:9)
  2 hobgoblin skeletons (D:9)
  27 kobolds
  A leopard gecko skeleton (D:4)
  2 orc skeletons (D:9)
  11 orc zombies (D:9)
  A quokka skeleton (D:7)
  23 rats
  4 fungi
  9 plants
1442 creatures vanquished.

Vanquished Creatures (others)
  A blizzard demon (IceCv)
  A sea snake (Shoals:4)
  5 dream sheep (D:9)
  4 slaves (D:8)
  2 big kobolds (D:8)
  An iguana (D:8)
  3 white imps (IceCv)
  9 ufetubi (IceCv)
  42 fungi
  18 plants
  4 tentacles (Shoals:4)
  4 withered plants
94 creatures vanquished.

Grand Total: 1536 creatures vanquished

Notes
Turn   | Place    | Note
-------+----------+-------------------------------------------
     0 | D:1      | Cryolive the Gargoyle Earth Elementalist began the quest
                  | for the Orb.
     0 | D:1      | Reached XP level 1. HP: 10/10 MP: 3/3
   204 | D:1      | Reached XP level 2. HP: 6/15 MP: 1/5
   213 | D:1      | Reached skill level 4 in Earth Magic
   459 | D:1      | Reached XP level 3. HP: 10/19 MP: 4/6
   464 | D:1      | Learned a level 3 spell: Stone Arrow
  1113 | D:2      | Reached skill level 1 in Conjurations
  1225 | D:2      | Found a bloodstained altar of Trog.
  1263 | D:2      | Reached XP level 4. HP: 9/24 MP: 6/8
  1504 | D:2      | Found a burning altar of Makhleb.
  1778 | D:3      | Reached skill level 5 in Earth Magic
  1781 | D:3      | Reached XP level 5. HP: 5/28 MP: 3/9
  2480 | D:3      | Noticed a centaur
  2493 | D:3      | Killed a centaur
  2493 | D:3      | Reached XP level 6. HP: 3/32 MP: 4/11
  3014 | D:3      | Noticed Sigmund
  3387 | D:2      | Learned a level 5 spell: Lee's Rapid Deconstruction
  3762 | D:3      | Killed Sigmund
  3762 | D:3      | Reached skill level 6 in Earth Magic
  3762 | D:3      | Reached XP level 7. HP: 36/36 MP: 2/13
  4109 | D:4      | Found a radiant altar of Vehumet.
  4132 | D:4      | Became a worshipper of Vehumet
  4851 | D:4      | Reached * piety under Vehumet
  4851 | D:4      | Offered knowledge of Shock by Vehumet.
  5438 | D:5      | Entered Level 5 of the Dungeon
  5673 | D:5      | Reached skill level 1 in Armour
  5870 | D:5      | Reached XP level 8. HP: 39/42 MP: 15/15
  5940 | D:5      | Reached skill level 1 in Fighting
  5940 | D:5      | Reached skill level 1 in Maces & Flails
  5940 | D:5      | Reached skill level 7 in Earth Magic
  6078 | D:5      | Reached skill level 5 in Spellcasting
  6078 | D:5      | Reached skill level 1 in Evocations
  6229 | D:5      | Reached skill level 5 in Conjurations
  6312 | D:5      | Offered knowledge of Throw Flame by Vehumet.
  6313 | D:5      | Reached ** piety under Vehumet
  6425 | D:5      | Found a staircase to the Ecumenical Temple.
  6439 | Temple   | Entered the Ecumenical Temple
  6984 | D:6      | Noticed a two-headed ogre
  6999 | D:6      | Killed a two-headed ogre
  6999 | D:6      | Reached XP level 9. HP: 36/50 MP: 2/17
  7052 | D:6      | Noticed Dowan
  7054 | D:6      | Noticed Duvessa
  7225 | D:6      | Killed Dowan
  7253 | D:5      | Killed Duvessa
  7514 | D:6      | Reached skill level 8 in Earth Magic
  7656 | D:5      | Offered knowledge of Ignite Poison by Vehumet.
  8186 | D:6      | Found an opulent altar of Gozag.
  8270 | D:6      | Found a snail-covered altar of Cheibriados.
  8467 | D:7      | Reached *** piety under Vehumet
  8493 | D:7      | Found a glowing golden altar of the Shining One.
  8586 | D:7      | Reached XP level 10. HP: 56/56 MP: 12/19
  8633 | D:7      | Found a white marble altar of Elyvilon.
  8746 | D:7      | Offered knowledge of Inner Flame by Vehumet.
  8746 | D:7      | Reached skill level 1 in Shields
  8798 | D:7      | Found Derrae's Antique Weapon Emporium.
  8830 | D:7      | Found Baqoit's Weapon Shop.
  9227 | D:8      | Noticed Pikel
  9254 | D:8      | Killed Pikel
  9475 | D:8      | Noticed Erica
  9484 | D:8      | Killed Erica
  9511 | D:8      | Noticed a two-headed ogre
  9650 | D:7      | Killed a two-headed ogre
  9650 | D:7      | Reached skill level 5 in Fighting
  9650 | D:7      | Reached skill level 5 in Armour
  9650 | D:7      | Reached skill level 9 in Earth Magic
  9700 | D:8      | Reached **** piety under Vehumet
  9726 | D:8      | Reached XP level 11. HP: 41/63 MP: 6/21
  9730 | D:8      | Noticed Grum
  9920 | D:8      | Killed Grum
 10193 | D:8      | Noticed a three-headed hydra
 10216 | D:8      | Killed a three-headed hydra
 10522 | D:9      | Reached skill level 5 in Maces & Flails
 10585 | D:9      | Found a staircase to the Orcish Mines.
 10590 | D:9      | Offered knowledge of Static Discharge by Vehumet.
 10988 | D:9      | Noticed a two-headed ogre
 10995 | D:9      | Killed a two-headed ogre
 11632 | D:9      | Reached ***** piety under Vehumet
 11632 | D:9      | Offered knowledge of Irradiate by Vehumet.
 12423 | D:9      | Found a shimmering altar of Xom.
 12543 | D:9      | Found a staircase to the Lair.
 12591 | D:9      | Got a silken robe
 12600 | D:9      | Identified the +1 robe "Wiom" {rN+ Str-2 Stlth+} (You found
                  | it on level 9 of the Dungeon)
 12626 | D:9      | Learned a level 4 spell: Iskenderun's Mystic Blast
 12749 | D:9      | Found a sparkling altar of Nemelex Xobeh.
 12752 | D:9      | Found a blossoming altar of Fedhas.
 12755 | D:9      | Found an iron altar of Okawaru.
 13154 | Lair:1   | Entered Level 1 of the Lair of Beasts
 13273 | Lair:1   | Reached skill level 5 in Dodging
 13576 | Lair:1   | Reached skill level 5 in Evocations
 13865 | Lair:1   | Reached XP level 12. HP: 70/70 MP: 15/23
 14596 | Lair:2   | Reached skill level 5 in Shields
 14693 | Lair:2   | Noticed a death yak
 14745 | Lair:2   | Killed a death yak
 14745 | Lair:2   | Reached skill level 10 in Earth Magic
 14783 | Lair:2   | Noticed a death yak
 14888 | Lair:2   | Noticed a death yak
 14985 | Lair:2   | Killed a death yak
 15065 | Lair:2   | Noticed a death yak
 15094 | Lair:2   | Killed a death yak
 15173 | Lair:2   | Killed a death yak
 15445 | Lair:2   | Noticed a seven-headed hydra
 15449 | Lair:2   | Killed a seven-headed hydra
 15914 | Lair:2   | Found a staircase to the Shoals.
 16151 | Lair:3   | Found a glowing golden altar of the Shining One.
 16159 | Lair:3   | Noticed a death yak
 16183 | Lair:3   | Noticed a death yak
 16184 | Lair:3   | Noticed a death yak
 16190 | Lair:3   | Noticed a death yak
 16199 | Lair:2   | Killed a death yak
 16320 | Lair:2   | HP: 3/72 [death yak (20)]
 16322 | Lair:2   | Killed a death yak
 16804 | Lair:2   | Killed a death yak
 17339 | Lair:3   | Found a staircase to the Snake Pit.
 17839 | Lair:3   | Found a runed door.
 17979 | Lair:3   | Killed a death yak
 18075 | Lair:3   | Reached XP level 13. HP: 75/76 MP: 11/25
 18570 | Lair:3   | Noticed Zoch's ghost (journeyman OpAs)
 18824 | Lair:4   | Found a runed door.
 19475 | Lair:4   | Noticed tuf08440's ghost (journeyman MfGl)
 20509 | Lair:5   | Noticed Urug
 20920 | Lair:5   | Killed Urug
 21290 | Lair:6   | Entered Level 6 of the Lair of Beasts
 21449 | Lair:6   | Found a staircase to the Slime Pits.
 21449 | Lair:6   | Found a viscous altar of Jiyva.
 21476 | Lair:6   | Reached skill level 11 in Earth Magic
 22407 | Lair:6   | Noticed Sonja
 22409 | Lair:6   | Killed Sonja
 23057 | Lair:6   | Got a crude morningstar
 23058 | Lair:6   | Identified the +5 morningstar of a treasure trove {elec,
                  | *Slow rPois Int+2} (You found it on level 6 of the Lair of
                  | Beasts)
 24769 | Lair:6   | Noticed a fire dragon
 25586 | Lair:6   | Noticed a dire elephant
 25620 | Lair:6   | Killed a dire elephant
 25620 | Lair:6   | Gained mutation: Your large and strong wings let you fly
                  | indefinitely. [Gargoyle growth]
 25620 | Lair:6   | Reached XP level 14. HP: 23/84 MP: 13/27
 26645 | Lair:5   | Reached skill level 10 in Conjurations
 27892 | Lair:6   | Got a transparent marble ring
 27903 | Lair:6   | Identified the ring of Harmony {rN+ MR+} (You found it on
                  | level 6 of the Lair of Beasts)
 28581 | Orc:1    | Entered Level 1 of the Orcish Mines
 28581 | Orc:1    | Found Edwiotru's General Store.
 29004 | Orc:1    | Noticed a stone giant
 29207 | D:9      | Killed a stone giant
 30654 | Orc:1    | Reached skill level 12 in Earth Magic
 31446 | Orc:2    | Entered Level 2 of the Orcish Mines
 32258 | Orc:2    | Found Polo's Magic Scroll Shop.
 33099 | Orc:2    | Found a staircase to the Elven Halls.
 33182 | Orc:2    | Found a runed door.
 33199 | Orc:2    | Found the +10 large shield of Ignorance {rN+ Int-4}
 33204 | Orc:2    | Found a runed door.
 33781 | Orc:2    | Offered knowledge of Iron Shot by Vehumet.
 34130 | Orc:2    | Learned a level 6 spell: Iron Shot
 34370 | Orc:2    | Found Kaurun's Magic Scroll Emporium.
 34370 | Orc:2    | Found Efyri's Antique Weapon Emporium.
 34371 | Orc:2    | Found Zemmip's Armour Shoppe.
 34381 | Orc:2    | Found Agitz's General Store.
 34728 | Orc:2    | Bought an iridescent morningstar for 288 gold pieces
 34728 | Orc:2    | Identified the +2 morningstar of the People {venom, rF+
                  | Dex+4} (You bought it in a shop on level 2 of the Orcish
                  | Mines)
 34770 | Orc:2    | Bought a scroll of amnesia for 49 gold pieces
 35012 | Orc:2    | Bought a scroll of identify for 34 gold pieces
 35012 | Orc:2    | Bought a scroll of identify for 34 gold pieces
 35012 | Orc:2    | Bought a scroll of identify for 34 gold pieces
 35196 | D:10     | Entered Level 10 of the Dungeon
 36831 | D:11     | Offered knowledge of Bolt of Cold by Vehumet.
 37572 | D:11     | Reached XP level 15. HP: 92/92 MP: 15/28
 37997 | D:11     | Found a basalt altar of Yredelemnul.
 39017 | D:12     | Reached skill level 10 in Fighting
 40189 | D:12     | Reached skill level 10 in Spellcasting
 40683 | D:12     | Got an ancient cloak
 41350 | D:13     | Found a runed door.
 42850 | D:13     | Found a runed door.
 43209 | D:13     | Found a gate to the Vaults.
 43960 | D:12     | Reached ****** piety under Vehumet
 44186 | D:13     | Offered knowledge of Spellforged Servitor by Vehumet.
 44847 | D:14     | Reached skill level 13 in Earth Magic
 45360 | D:14     | Found an iron altar of Okawaru.
 46451 | D:14     | Identified the +7 long sword "Arohil" {elec, rC- Str+4
                  | Stlth+}
 46612 | D:14     | Noticed Agnes
 46809 | D:9      | Identified the cursed -5 cloak of Love and Death {+Blink
                  | rCorr Stlth-} (You found it on level 12 of the Dungeon)
 47570 | D:14     | Killed Agnes
 47570 | D:14     | Reached XP level 16. HP: 81/99 MP: 6/30
 47820 | D:14     | Got a slimy chain mail
 48004 | D:14     | Identified the cursed +0 chain mail of Relativism {+Fly
                  | Str-3 Int+8 Dex-3} (You took it off an orc knight on level
                  | 14 of the Dungeon)
 48369 | D:15     | Entered Level 15 of the Dungeon
 48780 | D:15     | Found a staircase to the Depths.
 48934 | D:15     | Reached skill level 10 in Maces & Flails
 49755 | D:15     | Found an ornate altar of the Wu Jian Council.
 50108 | D:15     | Noticed Azrael
 50147 | D:15     | Killed Azrael
 50928 | Orc:2    | Bought a scroll of enchant armour for 82 gold pieces
 50967 | Orc:2    | Bought a scroll of identify for 28 gold pieces
 50967 | Orc:2    | Bought a scroll of identify for 28 gold pieces
 50967 | Orc:2    | Bought a scroll of identify for 28 gold pieces
 50967 | Orc:2    | Bought a scroll of identify for 28 gold pieces
 50967 | Orc:2    | Bought a scroll of brand weapon for 280 gold pieces
 51205 | Lair:3   | Killed Zoch's ghost
 51364 | Lair:4   | Killed tuf08440's ghost
 51670 | Shoals:1 | Entered Level 1 of the Shoals
 53607 | Shoals:2 | Upgraded the game from 0.23-a0-369-g357f654 to
                  | 0.23-a0-370-gf497b7c
 56091 | Shoals:2 | Noticed a titan
 56143 | Shoals:2 | You are sucked into a shaft!
 56393 | Shoals:3 | Noticed Ilsuiw
 57357 | Shoals:2 | Killed a titan
 57449 | Shoals:2 | Reached skill level 10 in Evocations
 57706 | Shoals:2 | Reached XP level 17. HP: 67/106 MP: 20/32
 58032 | Shoals:3 | Reached skill level 14 in Earth Magic
 59659 | Shoals:3 | Offered knowledge of Ozocubu's Refrigeration by Vehumet.
 60232 | Shoals:3 | Killed Ilsuiw
 61392 | Shoals:4 | Entered Level 4 of the Shoals
 61472 | Shoals:4 | Got a heavily runed scale mail
 61986 | Shoals:4 | Learned a level 6 spell: Bolt of Fire
 63196 | Shoals:4 | Reached skill level 1 in Fire Magic
 65451 | D:9      | Identified the +2 scale mail "Faalus" {rElec MR+ Dex+4}
                  | (You found it on level 4 of the Shoals)
 66224 | Shoals:4 | Reached skill level 1 in Staves
 67532 | Shoals:4 | Got a barnacled rune of Zot
 68892 | D:13     | Offered knowledge of Orb of Destruction by Vehumet.
 68901 | D:13     | Learned a level 7 spell: Orb of Destruction
 69155 | Snake:1  | Entered Level 1 of the Snake Pit
 69288 | Snake:1  | Noticed Frances
 69603 | Snake:1  | Killed Frances
 70089 | Snake:1  | Reached skill level 10 in Dodging
 70481 | Snake:1  | Identified the +11 hand axe "Spider's Demise" {protect,
                  | +Rage rElec rPois rF-}
 71101 | Snake:1  | Found Dafew's Assorted Antiques.
 71154 | Snake:1  | Bought a potion of curing for 114 gold pieces
 71154 | Snake:1  | Bought a potion of heal wounds for 190 gold pieces
 71266 | Snake:1  | Reached XP level 18. HP: 80/112 MP: 0/33
 73666 | Snake:2  | Reached skill level 5 in Fire Magic
 76113 | Snake:3  | Found a frozen archway.
 76120 | IceCv    | Entered an ice cave
 77335 | IceCv    | Offered knowledge of Poison Arrow by Vehumet.
 77476 | IceCv    | Got an encrusted demon blade
 77586 | IceCv    | Identified the +8 demon blade of the Hidden Vale {drain,
                  | +Fly rN+} (You found it in an ice cave)
 79455 | Snake:4  | Entered Level 4 of the Snake Pit
 80174 | Snake:3  | Reached skill level 15 in Earth Magic
 80895 | Snake:4  | Found Mofaimae's Weapon Shop.
 83192 | Snake:4  | Reached XP level 19. HP: 117/119 MP: 14/35
 85704 | Snake:4  | Reached skill level 5 in Staves
 87324 | Snake:4  | Got a serpentine rune of Zot
 88161 | Elf:1    | Entered Level 1 of the Elven Halls
 89223 | Elf:1    | Learned a level 5 spell: Bolt of Magma
 90230 | Elf:1    | Offered knowledge of Lehudib's Crystal Spear by Vehumet.
 90230 | Elf:1    | Offered knowledge of Chain Lightning by Vehumet.
 90230 | Elf:1    | Offered knowledge of Ignition by Vehumet.
 92439 | D:9      | Learned a level 8 spell: Lehudib's Crystal Spear
 92643 | Vaults:1 | Entered Level 1 of the Vaults
 93325 | Vaults:1 | Paralysed by an ogre mage for 6 turns
 95022 | Vaults:1 | Reached XP level 20. HP: 84/125 MP: 6/36
100304 | Vaults:2 | Reached skill level 10 in Fire Magic
101119 | Vaults:2 | Found a staircase to the Crypt.
101415 | Vaults:2 | Noticed Jory
101449 | Vaults:2 | Demolished by Jory

Vault maps used:
D:1:      lemuel_arrival_funnel
D:2:      lightli_temple_of_fire, trog_butcher_becter
D:3:      saegor_snake_ambush, uniq_sigmund
D:4:      corexii_shantytown, first_ration, vehumet_altar_wand_db
D:5:      minmay_diamond_boxcup, minmay_temple_entry_fiery,
          chequers_serial_rivers_room_b, minmay_misc_feat_cross,
          hangedman_decor_slide_cut, dk_rats_in_the_wall
D:6:      cheibrodos_worm_habitat, basic_altar, uniq_duvessa
D:7:      tso_metal_star, elyvilon_altar_3, serial_shops, shop, shop
D:8:      hangedman_ranch, uniq_grum, uniq_erica, uniq_pikel
D:9:      kb_xom_exploding_sheep, grunt_temple_overflow_diamond,
          due_lair_maze_entry_diamond, zombieorc1_lemuel, serial_bayou_ford_a
D:10:     special_room, minmay_strange_pillars, minivault_7
D:11:     basic_altar
D:12:     minmay_pinched_square
D:13:     cheibrodos_histonic, lightli_vaults_fourway_checkpoint
D:14:     evilmike_iron_armoury, kennysheep_cross_room, uniq_agnes
D:15:     gammafunk_enter_depths_forms, old_standard_altar, uniq_azrael
Temple:   nicolae_temple_great_sept
Lair:2:   minmay_shoals_entry_lonely_mermaid
Lair:3:   dummy_snake_entry, gammafunk_ghost_grave, basic_altar,
          grunt_megastairs_1
Lair:4:   gammafunk_ghost_grave, beast_lair_carwin_3, infiniplex_staircase_pool
Lair:5:   uniq_urug
Lair:6:   hangedman_lair_in_review, guppyfry_lair_end_dragon, slime_altar_1,
          lemuel_fruit_tree, uniq_sonja
Shoals:2: cheibrodos_shoals_gigantism
Shoals:3: uniq_ilsuiw
Shoals:4: shoals_end_grunt_ice
Snake:1:  serial_shops, nicolae_shop_overgrown_old_shop, serial_bayou_shore_b,
          uniq_frances
Snake:3:  portal_ice_cave_entry_pillars_three
Snake:4:  snake_pit, serial_shops, shop, grunt_megastairs_2
Orc:1:    serial_shops, shop_statue
Orc:2:    st_orc_mages, serial_shops, shop, chequers_guarded_unrand_ignorance
Elf:1:    minmay_elf_arrival_summoners, evilmike_minifort
Vaults:1: hangedman_vaults_nodes, vaults_mumra_lcd, nicolae_vaults_angled_halls,
          vaults_dpeg_spiral, vaults_room_large_hall,
          nicolae_vaults_network_periphery, v_misc_14, ontoclasm_vaults_chip,
          v_alt_pattern_2, ontoclasm_vaults_fault
Vaults:2: nicolae_vaults_mini_display_case, v_misc_17, hangedman_vaults_snaps,
          vaults_room_corners, minmay_crypt_entry_simple_statues,
          vaults_room_door_ring, v_misc_13, grunt_vaults_swirl,
          nicolae_vaults_shelves_hall, v_misc_18, uniq_jory
IceCv:    ice_cave_small_demon

Skill      XL: |  1  2  3  4  5  6  7  8  9 10 11 12 13 14 15 16 17 18 19 20 |
---------------+-------------------------------------------------------------+-----
Earth Magic    | 4 5 6 7 8 9 10 11 12 13 14 15 | 15.9
Conjurations   | 1 2 3 4 5 6 7 8 9 10 11 12 13 14 | 14.5
Spellcasting   | 3 4 5 6 7 8 9 10 11 12 | 12.8
Armour         | 1 3 4 5 6 |  6.2
Fighting       | 3 4 5 6 7 8 9 10 11 12 13 | 13.9
Maces & Flails | 2 3 4 5 6 7 9 10 11 | 11.0
Dodging        | 2 3 4 5 6 7 8 9 10 11 | 11.2
Evocations     | 2 3 4 5 6 7 8 9 10 11 | 11.9
Shields        | 3 4 6 |  6.3
Fire Magic     | 4 7 9 10 | 10.1
Staves         | 2 4 7 8 |  8.5
Stealth        | |  2.1
Transmutations | |  0.7

Action                   |  1- 3 |  4- 6 |  7- 9 | 10-12 | 13-15 | 16-18 | 19-21 || total
-------------------------+-------+-------+-------+-------+-------+-------+-------++-------
Melee: Dagger            |    10 |       |       |       |       |       |       ||    10
       Short sword       |    46 |       |       |       |       |       |       ||    46
       Mace              |    39 |    64 |       |       |       |       |       ||   103
       Whip              |    12 |       |       |       |       |       |       ||    12
       Flail             |       |    43 |   213 |       |       |    93 |       ||   349
       Morningstar       |       |       |    55 |   193 |   491 |    53 |       ||   792
       Falchion          |       |       |       |    34 |       |       |       ||    34
       Scimitar          |       |       |       |   240 |       |   167 |    91 ||   498
       Staff             |       |       |       |       |       |    42 |   165 ||   207
       Demon trident     |       |       |       |       |       |   123 |   231 ||   354
       Demon blade       |       |       |       |       |       |       |     4 ||     4
Throw: Stone             |       |       |       |       |       |     2 |       ||     2
 Cast: Sandblast         |    24 |    31 |    93 |    50 |    85 |    78 |    25 ||   386
       Stone Arrow       |       |     4 |    43 |   272 |   500 |    91 |    27 ||   937
       Lee's Rapid Decon |       |       |     7 |    12 |    16 |    56 |     8 ||    99
       Iskenderun's Myst |       |       |       |     5 |   226 |   497 |   407 ||  1135
       Iron Shot         |       |       |       |       |   127 |   346 |   115 ||   588
       Bolt of Fire      |       |       |       |       |       |    66 |    11 ||    77
       Bolt of Magma     |       |       |       |       |       |       |    50 ||    50
       Orb of Destructio |       |       |       |       |       |       |     5 ||     5
 Abil: Fly               |       |       |       |       |     1 |    13 |       ||    14
       Stop Flying       |       |       |       |       |       |    13 |       ||    13
Evoke: Wand              |       |       |       |     9 |     3 |    20 |    21 ||    53
       Crystal ball of e |       |       |       |       |       |     3 |       ||     3
       Lightning rod     |       |       |       |       |       |       |     4 ||     4
  Use: Scroll            |       |       |     4 |     9 |    20 |    30 |    25 ||    88
       Potion            |       |       |     1 |     6 |     3 |     9 |     6 ||    25
 Stab: Sleeping          |     2 |     2 |     1 |       |     1 |     1 |     1 ||     8
       Distracted        |       |     1 |       |       |     1 |       |       ||     2
       Paralysed         |       |       |       |     2 |       |       |       ||     2
  Eat: Chunk             |     1 |     1 |     8 |    18 |   123 |   161 |    79 ||   391
       Ration            |       |     2 |     4 |     7 |     9 |    26 |     8 ||    56
Armor: Robe              |    49 |    56 |   113 |       |       |       |       ||   218
       Leather armour    |       |       |    42 |   196 |   377 |   493 |   314 ||  1422
Dodge: Dodged            |   104 |    95 |   242 |   368 |   675 |   654 |   457 ||  2595
Block: Buckler           |       |       |       |    97 |   173 |   265 |   192 ||   727
       Rpst.: Falchion   |       |       |       |     9 |       |       |       ||     9
       Scimitar          |       |       |       |    23 |       |    43 |    13 ||    79

Table legend:
 A = Non-vault XP
 B = Vault XP
 C = Vault XP percentage of total XP
 D = Non-vault monster count
 E = Vault monster count
 F = Vault count percentage of total count
                 A         B        C        D         E       F
            +---------+---------+-------+---------+---------+-------
      Total |  281419 |  184210 |  39.6 |     921 |     510 |  35.6
            +---------+---------+-------+---------+---------+-------
        D:1 |      40 |       0 |   0.0 |      28 |       0 |   0.0
        D:2 |     122 |      10 |   7.6 |      21 |       4 |  16.0
        D:3 |     274 |     227 |  45.3 |      22 |       1 |   4.3
        D:4 |     148 |     117 |  44.2 |       7 |      36 |  83.7
        D:5 |     969 |     512 |  34.6 |      16 |      27 |  62.8
        D:6 |    1942 |      71 |   3.5 |      27 |       2 |   6.9
        D:7 |    1592 |     359 |  18.4 |      15 |       2 |  11.8
        D:8 |     897 |    3982 |  81.6 |      25 |      12 |  32.4
        D:9 |    6199 |    1642 |  20.9 |      46 |      37 |  44.6
       D:10 |    2075 |    1875 |  47.5 |      13 |      43 |  76.8
       D:11 |    6437 |     344 |   5.1 |      44 |       1 |   2.2
       D:12 |    6870 |    7654 |  52.7 |      24 |      16 |  40.0
       D:13 |   12157 |   15593 |  56.2 |      36 |      36 |  50.0
       D:14 |    7152 |    8837 |  55.3 |      34 |      18 |  34.6
       D:15 |    8833 |    6789 |  43.5 |      17 |      17 |  50.0
     Lair:1 |    4331 |       0 |   0.0 |      22 |       0 |   0.0
     Lair:2 |    9856 |     451 |   4.4 |      25 |       1 |   3.8
     Lair:3 |    3104 |    1425 |  31.5 |      15 |       2 |  11.8
     Lair:4 |    2495 |    2709 |  52.1 |      13 |       5 |  27.8
     Lair:5 |    2332 |    1427 |  38.0 |      11 |       2 |  15.4
     Lair:6 |    9083 |   13416 |  59.6 |      26 |      31 |  54.4
   Shoals:1 |    8965 |       0 |   0.0 |      19 |       0 |   0.0
   Shoals:2 |   17144 |    6586 |  27.8 |      31 |       4 |  11.4
   Shoals:3 |   11248 |    5168 |  31.5 |      26 |       7 |  21.2
   Shoals:4 |    7036 |   22607 |  76.3 |      17 |      30 |  63.8
    Snake:1 |   14233 |    2248 |  13.6 |      24 |       1 |   4.0
    Snake:2 |   22263 |       0 |   0.0 |      42 |       0 |   0.0
    Snake:3 |   20673 |    5442 |  20.8 |      37 |       8 |  17.8
    Snake:4 |   18803 |   29952 |  61.4 |      40 |      46 |  53.5
      Orc:1 |    5017 |       0 |   0.0 |      50 |       0 |   0.0
      Orc:2 |    3820 |    7700 |  66.8 |      27 |      49 |  64.5
      Elf:1 |   13662 |    9327 |  40.6 |      24 |      16 |  40.0
   Vaults:1 |   35755 |   13453 |  27.3 |      58 |      22 |  27.5
   Vaults:2 |   15892 |    9234 |  36.8 |      39 |      12 |  23.5
      IceCv |       0 |    5053 | 100.0 |       0 |      22 | 100.0
            +---------+---------+-------+---------+---------+-------
